 Dungeon Crawl Stone Soup version 0.23.1 (webtiles) character file.

Game seed: 0

28903 PikkenKukken the Cleaver (level 13, -7/103 HPs)
             Began as a Formicid Abyssal Knight on Mar 11, 2019.
             Was an Elder of Lugonu.
             Mangled by a death yak (12 damage)
             ... on level 3 of the Lair of Beasts.
             The game lasted 00:41:34 (22562 turns).

PikkenKukken the Cleaver (Formicid Abyssal Knight) Turns: 22562, Time: 00:41:35

Health: -7/103     AC: 17    Str: 19    XL:     13   Next: 77%
Magic:  18/20      EV:  9    Int: 15    God:    Lugonu [****..]
Gold:   639        SH:  4    Dex: 10    Spells: 14/18 levels left

rFire    . . .     SeeInvis +   w - +2 war axe (vamp)
rCold    . . .     Gourm    .   (no shield)
rNeg     . . .     Faith    .   H - +0 plate armour
rPois    .         Spirit   .   (helmet unavailable)
rElec    .         Reflect  +   (no cloak)
rCorr    .         Harm     .   A - +2 pair of gloves
MR       +....                  (no boots)
Stlth    ..........             a - +4 amulet of reflection
HPRegen  0.27/turn              G - ring of flight
MPRegen  0.17/turn              (no ring)

@: no status effects
A: permanent stasis, dig shafts and tunnels, four strong arms, antennae 3
a: Dig, Shaft Self, Depart the Abyss, Bend Space, Banish, Corrupt, Renounce
Religion, Evoke Flight


You were on level 3 of the Lair of Beasts.
You worshipped Lugonu.
Lugonu was greatly pleased with you.
You were hungry.

You visited 2 branches of the dungeon, and saw 15 of its levels.
You visited the Abyss 1 time.

You collected 814 gold pieces.
You spent 175 gold pieces at shops.

Inventory:

Hand Weapons
 q - a +2 scimitar of flaming
 w - a +2 vampiric war axe (weapon)
Missiles
 v - 5 throwing nets (quivered)
Armour
 A - a +2 pair of gloves (worn)
 H - a +0 plate armour (worn)
Jewellery
 a - a +4 amulet of reflection (around neck)
 p - an uncursed ring of ice
 G - a ring of flight (left hand)
Wands
 d - a wand of acid (9)
 B - a wand of iceblast (16)
 C - a wand of flame (32)
 F - a wand of digging (5)
Scrolls
 e - 2 scrolls of identify
 i - 5 scrolls of fog
 m - 5 scrolls of immolation
 o - 2 scrolls of noise
 r - 2 scrolls of enchant armour
 t - 4 scrolls of magic mapping
 y - 2 scrolls of amnesia
Potions
 f - 6 potions of curing
 g - a potion of cancellation {unknown}
 h - 2 potions of resistance
 j - 3 potions of lignification
 n - 6 potions of flight
 s - 2 potions of agility
 z - 2 potions of brilliance
Comestibles
 b - 4 chunks of flesh
 c - 19 rations


   Skills:
 + Level 10.3 Fighting
 * Level 12.4 Axes
 + Level 9.9 Armour
 + Level 8.1 Dodging
 - Level 3.0 Spellcasting
 + Level 3.7 Necromancy
 + Level 10.6 Invocations
 - Level 5.0 Evocations


You had 14 spell levels left.
You knew the following spells:

 Your Spells              Type           Power        Failure   Level  Hunger
a - Animate Skeleton      Necr           N/A          63%         1    #......
b - Regeneration          Chrm/Necr      #.........   99%         3    ###....

Your spell library contained the following spells:

 Spells                   Type           Power        Failure   Level  Hunger
 Pain                     Necr           ##..         63%         1    #......
 Vampiric Draining        Necr           ##........   94%         3    ###....
 Apportation              Tloc           #.....       98%         1    #......
 Beastly Appendage        Tmut           #.....       98%         1    #......
 Confusing Touch          Hex            #.....       98%         1    #......
 Sticks to Snakes         Tmut           #.......     99%         2    ##.....
 Confuse                  Hex            #.......     100%        3    ###....
 Gell's Gravitas          Tloc           #.........   100%        3    ###....
 Spider Form              Tmut/Pois      #.........   100%        3    ###....
 Animate Dead             Necr           N/A          100%        4    #####..
 Cause Fear               Hex            #.........   100%        4    #####..
 Ice Form                 Ice/Tmut       #.......     100%        4    #####..
 Petrify                  Tmut/Erth      #.......     100%        4    #####..
 Blade Hands              Tmut           #.........   100%        5    ######.
 Irradiate                Conj/Tmut      #.........   100%        5    ######.
 Metabolic Englaciation   Hex/Ice        #.........   100%        5    ######.
 Silence                  Hex/Air        #.........   100%        5    ######.
 Yara's Violent Unravell  Hex/Tmut       #.........   100%        5    ######.
 Deflect Missiles         Chrm/Air       #.........   100%        6    #######
 Hydra Form               Tmut           #.........   100%        6    #######
 Iron Shot                Conj/Erth      #.........   100%        6    #######
 Statue Form              Tmut/Erth      #........    100%        6    #######
 Dragon Form              Tmut           #.........   100%        7    #######
 Discord                  Hex            #.........   100%        8    #######
 Shatter                  Erth           #.........   100%        9    #######


Dungeon Overview and Level Annotations

Branches:
Dungeon (10/15)            Temple (0/1) D:5            Lair (5/6) D:8
  Swamp (0/4) Lair:2        Snake (0/4) Lair:2
  Slime: Lair:5-6       Orc: D:9-12

Altars:
Ashenzari
Elyvilon
Okawaru
Qazlal
Ru
Yredelemnul

Shops:
D:5 *(

Annotations:
Lair:3 3 runed translucent doors, LLavrengius's ghost, journeyman OpFi


Innate Abilities, Weirdness & Mutations

You cannot be hasted, slowed, berserked, paralysed or teleported.
You can dig through walls and to a lower floor.
Your four strong arms can wield two-handed weapons with a shield.
You have a pair of large antennae on your head. (SInv)


Message History

* * * LOW HITPOINT WARNING * * *
Space bends around you!
You blink.
The death yak barely misses you. Space bends sharply around you!
You blink.
You are feeling hungry.
Space bends around you!
You blink.
There is a stone staircase leading up here.
You hit the death yak.
The death yak is almost dead.
The death yak gores you!
* * * LOW HITPOINT WARNING * * *
Evoke which item? (* to show all) (? for menu, Esc to quit)
Okay, then.
Unknown command.
Press: ? - help, Shift-Dir - straight line, f - death yak
Aim: a death yak (almost dead, chance to defeat MR: 24%)
Okay, then.
You hit the death yak but do no damage.
The death yak is almost dead.
The death yak gores you!
You die...

##...........##.###.......####
##.........#.....#.......####
##...####................##.
##..P.# ###.............P##.
#.#.[.####.................#.
##.....#........♣♣.≈♣........
#..............♣♣≈♣♣.{......
##....§.#.....♣♣P.♣♣........
##.......#Y@♣♣.♣P≈♣♣♣♣♣.#...
##...#.>.###♣♣♣♣♣♣≈♣♣♣♣♣♣≈#..
#.P..#...§..≈♣♣♣P≈≈≈..♣♣P≈...
#...#.........≈≈≈≈.≈.≈......#
##..........≈♣♣≈.≈≈≈PP.≈P....
##..#......♣♣♣♣♣P≈P♣♣♣♣♣....
####........♣ ♣♣≈P♣♣...♣...
##.........♣♣♣P≈♣♣♣...#...
#..####....P♣♣♣≈≈♣...##...


You could see a death yak.

Vanquished Creatures
  Gastronok (Lair:1)
  Harold (D:7)
  A hydra (Lair:4)
  Erica (D:8)
  A death yak (Lair:4)
  Sonja (Lair:3)
  Pikel (D:6)
  3 elephants (Lair:2)
  A black mamba (Lair:4)
  3 spiny frogs
  A rime drake (Lair:3)
  6 komodo dragons
  A queen bee (Lair:2)
  Prince Ribbit (D:6)
  4 hippogriffs
  7 blink frogs
  A spriggan (D:7)
  A wyvern (Lair:4)
  33 yaks
  4 basilisks
  A hungry ghost (D:10)
  Menkaure (D:5)
  9 water moccasins
  9 porcupines
  3 orc warriors
  A sky beast (D:9)
  3 slaves (D:6)
  2 phantoms
  2 black bears
  13 wolves
  3 ogres
  2 centaurs (D:7)
  10 crocodiles
  A big kobold (D:10)
  11 bullfrogs
  6 scorpions
  24 killer bees (Lair:2)
  2 wights (D:8)
  4 bullfrog zombies
  A centaur zombie (D:10)
  3 crimson imps
  A jelly (D:5)
  5 orc priests
  3 bullfrog skeletons
  6 hounds
  A centaur skeleton (D:8)
  9 iguanas
  6 orc wizards
  10 worker ants
  2 hound zombies
  2 worker ant zombies
  Robin (D:2)
  3 gnolls (D:7)
  A howler monkey skeleton (D:10)
  8 adders
  3 shadow imps
  An adder skeleton (D:6)
  3 worms
  2 dart slugs (D:1)
  5 leopard geckos
  34 orcs
  6 giant cockroaches
  14 goblins
  10 hobgoblins
  6 jackals
  15 kobolds
  4 quokkas
  A ball python (D:1)
  A ball python skeleton (D:5)
  9 bats
  4 frilled lizards
  2 quokka skeletons (D:5)
  13 rats
  4 fungi
  A plant (Lair:2)
380 creatures vanquished.

Vanquished Creatures (others)
  4 hydras
  2 two-headed ogres (D:9)
  A troll (D:9)
  A wight (D:8)
  3 fungi
  2 plants
13 creatures vanquished.

Grand Total: 393 creatures vanquished

Notes
Turn   | Place    | Note
-------+----------+-------------------------------------------
     0 | Abyss:1  | PikkenKukken the Formicid Abyssal Knight began the quest
                  | for the Orb.
     0 | Abyss:1  | Reached XP level 1. HP: 18/18 MP: 2/2
    63 | Abyss:1  | Noticed a stone giant skeleton
    64 | D:1      | Escaped the Abyss
   290 | D:1      | Reached skill level 1 in Dodging
   427 | D:1      | Reached * piety under Lugonu
   439 | D:1      | Reached XP level 2. HP: 24/24 MP: 3/3
   695 | D:1      | Reached XP level 3. HP: 24/29 MP: 4/4
  1354 | D:2      | Found a shattered altar of Ashenzari.
  1524 | D:2      | Reached XP level 4. HP: 13/36 MP: 5/5
  1726 | D:2      | Noticed Robin
  1747 | D:2      | Killed Robin
  1747 | D:2      | Reached skill level 3 in Axes
  1748 | D:2      | Reached ** piety under Lugonu
  2386 | D:2      | Reached XP level 5. HP: 42/42 MP: 7/7
  3261 | D:3      | You fall through a shaft!
  3941 | D:4      | Noticed an ogre
  3955 | D:4      | Killed an ogre
  3955 | D:4      | Reached skill level 4 in Axes
  3955 | D:4      | Reached XP level 6. HP: 44/48 MP: 8/8
  4700 | D:4      | Reached XP level 7. HP: 14/55 MP: 9/9
  5404 | D:5      | Entered Level 5 of the Dungeon
  5405 | D:5      | Noticed Menkaure
  5420 | D:5      | Killed Menkaure
  5420 | D:5      | Reached skill level 5 in Axes
  5678 | D:5      | Found Xaruddup's Antique Weapon Boutique.
  5717 | D:5      | Reached *** piety under Lugonu
  5717 | D:5      | Reached XP level 8. HP: 57/61 MP: 11/11
  5825 | D:5      | Reached skill level 5 in Fighting
  5907 | D:5      | Found Zawiubis's Elemental Accessories.
  5933 | D:5      | Found a staircase to the Ecumenical Temple.
  6076 | D:5      | Learned a level 1 spell: Animate Skeleton
  6313 | D:6      | Noticed Prince Ribbit
  6323 | D:6      | You fall through a shaft for 2 floors!
  6412 | D:8      | Found a stormy altar of Qazlal.
  6591 | D:8      | Reached skill level 5 in Invocations
  6656 | D:8      | Reached skill level 6 in Axes
  6873 | D:7      | You fall through a shaft for 2 floors!
  6877 | D:8      | Noticed Erica
  6895 | D:8      | Killed Erica
  6895 | D:8      | Reached skill level 7 in Axes
  6895 | D:8      | Reached skill level 5 in Armour
  6895 | D:8      | Reached XP level 9. HP: 49/70 MP: 11/13
  7028 | D:8      | Found a staircase to the Lair.
  7143 | D:7      | Found a stormy altar of Qazlal.
  7498 | D:5      | Bought a glowing war axe for 175 gold pieces
  7796 | D:6      | Reached **** piety under Lugonu
  8399 | D:6      | Noticed Pikel
  8437 | D:6      | Killed Pikel
  8836 | D:5      | Reached XP level 10. HP: 47/77 MP: 14/14
  9032 | D:7      | Reached skill level 8 in Axes
  9658 | D:6      | Killed Prince Ribbit
  9908 | D:7      | Noticed Harold
  9925 | D:6      | Reached skill level 5 in Dodging
 10696 | D:7      | Killed Harold
 10696 | D:7      | Reached skill level 1 in Evocations
 11452 | D:8      | Reached skill level 9 in Axes
 11539 | D:8      | Reached XP level 11. HP: 77/85 MP: 16/16
 11603 | D:8      | Found a basalt altar of Yredelemnul.
 11990 | D:9      | Found a white marble altar of Elyvilon.
 11990 | D:9      | Found an iron altar of Okawaru.
 12009 | D:9      | Noticed a two-headed ogre
 12011 | D:9      | Banished a two-headed ogre
 12632 | D:9      | Noticed a two-headed ogre
 12633 | D:9      | Banished a two-headed ogre
 12957 | D:10     | Entered Level 10 of the Dungeon
 12972 | D:10     | Found a sacrificial altar of Ru.
 13729 | Lair:1   | Entered Level 1 of the Lair of Beasts
 13807 | D:8      | Reached skill level 10 in Axes
 14230 | Lair:1   | Noticed Gastronok
 14255 | Lair:1   | HP: 2/87 [Gastronok (12)]
 14272 | Lair:1   | Killed Gastronok
 14565 | Lair:1   | Reached XP level 12. HP: 64/94 MP: 18/18
 14733 | Lair:1   | Reached skill level 5 in Evocations
 15246 | Lair:1   | Noticed a six-headed hydra
 15248 | Lair:1   | Noticed a six-headed hydra
 15250 | Lair:1   | Banished a six-headed hydra
 15255 | Lair:1   | Banished a six-headed hydra
 15255 | Lair:1   | Reached skill level 11 in Axes
 15677 | Lair:1   | Noticed an eight-headed hydra
 15678 | Lair:1   | Banished an eight-headed hydra
 16479 | Lair:2   | Found a gate leading to a gauntlet.
 16981 | Lair:2   | Reached skill level 1 in Spellcasting
 16981 | Lair:2   | Reached skill level 1 in Necromancy
 17262 | Lair:2   | Identified the Almanac of Quantum Earth
 17334 | Lair:2   | Found a staircase to the Snake Pit.
 17388 | Lair:2   | Reached XP level 13. HP: 92/101 MP: 20/20
 17605 | Lair:2   | Found a staircase to the Swamp.
 18549 | Lair:2   | Reached skill level 10 in Invocations
 19276 | Lair:3   | Found a runed translucent gate.
 19276 | Lair:3   | Found a runed translucent gate.
 19296 | Lair:3   | Found a runed translucent gate.
 19365 | Lair:3   | Noticed LLavrengius's ghost (journeyman OpFi)
 19536 | Lair:3   | Noticed Sonja
 19549 | Lair:3   | Killed Sonja
 19549 | Lair:3   | Reached skill level 10 in Fighting
 20024 | Lair:3   | Reached skill level 12 in Axes
 20266 | Lair:3   | Noticed an eight-headed hydra
 20270 | Lair:3   | Banished an eight-headed hydra
 21284 | Lair:4   | Noticed a four-headed hydra
 21294 | Lair:4   | Killed a five-headed hydra
 21383 | Lair:4   | Noticed a six-headed hydra
 21398 | Lair:4   | Banished a ten-headed hydra
 22075 | Lair:4   | Learned a level 3 spell: Regeneration
 22561 | Lair:3   | HP: 5/103 [death yak (9)]
 22562 | Lair:3   | Mangled by a death yak

Skill      XL: |  1  2  3  4  5  6  7  8  9 10 11 12 13 |
---------------+----------------------------------------+-----
Dodging        | 1 2 4 5 6 7 8 |  8.1
Axes           | 3 4 5 7 9 10 11 12 | 12.4
Invocations    | 3 4 5 6 7 8 9 10 | 10.6
Fighting       | 4 6 7 8 9 10 | 10.3
Armour         | 3 4 5 6 7 8 9 |  9.9
Evocations     | 2 4 5 |  5.0
Spellcasting   | 1 3 |  3.0
Necromancy     | 1 3 |  3.7

Action                   |  1- 3 |  4- 6 |  7- 9 | 10-12 | 13-15 || total
-------------------------+-------+-------+-------+-------+-------++-------
Melee: Hand axe          |   118 |   266 |   299 |       |       ||   683
       War axe           |       |       |   112 |   935 |   498 ||  1545
Invok: Depart the Abyss  |     1 |       |       |       |       ||     1
       Bend Space        |       |       |     2 |     1 |     4 ||     7
       Banish            |       |       |       |    11 |     3 ||    14
 Abil: Dig               |     3 |       |     4 |    13 |     9 ||    29
Evoke: Wand              |       |       |       |     9 |    18 ||    27
  Use: Scroll            |     4 |     7 |     5 |     8 |     2 ||    26
       Potion            |       |     1 |     2 |     3 |     1 ||     7
  Eat: Chunk             |     1 |     8 |    26 |    29 |     8 ||    72
       Ration            |       |     1 |     1 |     4 |     3 ||     9
Armor: Leather armour    |    22 |       |       |       |       ||    22
       Scale mail        |    60 |    40 |       |       |       ||   100
       Chain mail        |       |    82 |   288 |   217 |       ||   587
       Plate armour      |       |       |       |   248 |   263 ||   511
Dodge: Dodged            |    86 |   153 |   187 |   357 |   196 ||   979
Block: Other             |       |       |       |    45 |    76 ||   121
